 Dungeon Crawl Stone Soup version 0.30.1-3-gfc49f6343a (webtiles) character file.

Game seed: 9159788428888445483

2762 Wiggles the Severer (level 9, -2/70 HPs)
             Began as a Minotaur Berserker on July 31, 2023.
             Was an Elder of Trog.
             Slain by a hornet (6 damage)
             ... on level 7 of the Dungeon.
             The game lasted 00:09:20 (5591 turns).

Wiggles the Severer (Minotaur Berserker)            Turns: 5591, Time: 00:09:20

Health: -2/70      AC: 15    Str: 25    XL:     9   Next: 42%
Magic:  8/8        EV:  9    Int:  4    God:    Trog [****..]
Gold:   469        SH:  0    Dex: 11    Spells: 8/8 levels left

rFire   + + .        t - +1 war axe
rCold   + . .        (no shield)
rNeg    . . .        s - +3 chain mail "Raq Cufo" {*Slow rF++ rC+}
rPois   .            (helmet restricted)
rElec   .            a - +0 cloak
rCorr   .            b - +0 pair of gloves
SInv    .            j - +0 pair of boots
Will    .....        (no amulet) Stlth
                     (no ring)
HPRegen 0.31/turn    (no ring)
MPRegen 0.11/turn

%: slow self (1%)
@: lethally poisoned (-2 -> -9), slowed, very slow
A: horns 2, retaliatory headbutt
a: Renounce Religion, Berserk, Trog's Hand, Brothers in Arms


You were on level 7 of the Dungeon.
You worshipped Trog.
Trog was greatly pleased with you.
You visited 1 branch of the dungeon, and saw 7 of its levels.

You collected 469 gold pieces.

Inventory:

Hand Weapons
 t - a +1 war axe (weapon)
Armour
 a - a +0 cloak (worn)
 b - a +0 pair of gloves (worn)
 j - a +0 pair of boots (worn)
 m - a +0 plate armour
 s - the +3 chain mail "Raq Cufo" (worn) {*Slow rF++ rC+}
   (You found it on level 7 of the Dungeon)

   rF:        It greatly protects you from fire.
   rC:        It protects you from cold.
   *Slow:     It may slow you when you take damage.
Wands
 l - a wand of polymorph (3)
 o - a wand of digging (5)
 p - a wand of flame (17)
 u - a wand of iceblast (5)
Scrolls
 g - a scroll of enchant weapon
Potions
 c - a potion of resistance
 d - 3 potions of heal wounds
 e - a potion of attraction
 f - a potion of degeneration
 h - 6 potions of curing
 i - 5 potions of berserk rage
 k - a potion of lignification {unknown}
 n - a potion of ambrosia {unknown}
 q - 2 potions of haste
 r - 2 potions of flight {unknown}
 v - 2 potions of might {unknown}
 x - a potion of mutation {unknown}


   Skills:
 - Level 3.6 Fighting
 + Level 15.3 Axes
 - Level 2.4 Armour
 - Level 2.1 Dodging
 - Level 0.6 Stealth
 + Level 2.1 Unarmed Combat


You had 8 spell levels left.
You didn't know any spells.
Your spell library was empty.

Dungeon Overview and Level Annotations

Branches:
Dungeon (7/15)             Temple (0/1) D:6

Altars:
Elyvilon
Yredelemnul
The Shining One


Innate Abilities, Weirdness & Mutations

You have a pair of horns on your head.
You reflexively headbutt those who attack you in melee.


Message History

A white imp comes into view.
You see here 5 gold pieces.
You are too injured to fight recklessly!
You are too injured to fight recklessly!
The white imp shouts, "Give up, thou pribbling fly-bitten flim-flammer!"
The white imp gestures at you.
The puff of frost hits you but does no damage.
A hornet comes into view.
The hornet buzzes angrily.
The white imp hits you but does no damage.
The white imp hits you. The white imp freezes you. You resist.
An iguana comes into view.
You closely miss the white imp. You closely miss the hornet.
The iguana hisses angrily.
The hornet stings you but does no damage.
You hit the white imp. Your headbutt misses the white imp.
The white imp is heavily wounded.
You slash the hornet! The white imp hits you. The white imp freezes you.
You resist. The hornet stings you.
You suddenly lose the ability to move!
The hornet stings you but does no damage.
The white imp gestures at you. The puff of frost hits you. You resist.
* * * LOW HITPOINT WARNING * * *
The hornet stings you!
* * * LOW HITPOINT WARNING * * *
You are poisoned.
You feel yourself slow down. The white imp gestures at you.
The puff of frost hits you. You resist.
* * * LOW HITPOINT WARNING * * *
The hornet stings you but does no damage.
You can move again.
* * * LOW HITPOINT WARNING * * *
You feel very sick. The hornet stings you.
* * * LOW HITPOINT WARNING * * *
You feel as though you will be slow longer.
The white imp hits you but does no damage.
The hornet stings you.
You die...

##..#.....##
#.........#
#........###### #
###............## ..#
##.......#.......#.....
#.............)........
..........###)###......
.###.....##.....##...#.
........##$.....@##....
.......#####...5y.##..#
.......# ####....#.##
....#..# ###l.# #
.....#.. ...# ##...#
..... ###. ....#. .....
.#.#. .#...


You could see a hornet, an iguana and a white imp.

Vanquished Creatures
  Sigmund (D:3)
  A yak (D:5)
  2 steam dragons
  A water moccasin (D:6)
  3 black bears
  2 ice beasts (D:7)
  3 ogres
  2 centaurs (D:6)
  2 phantoms
  2 kobold brigands
  2 bullfrogs
  2 scorpions
  4 hounds
  3 jellies
  5 iguanas
  A sleepcap (D:6)
  Natasha (thrice) (D:3)
  Robin (D:2)
  7 adders
  A shadow imp (D:7)
  A white imp (D:7)
  3 ufetubi
  A worm (D:5)
  3 dart slugs
  20 orcs
  4 bats
  6 endoplasms
  4 giant cockroaches
  16 goblins
  6 hobgoblins
  6 jackals
  12 kobolds
  2 quokkas
  9 ball pythons
  4 frilled lizards
  5 rats
150 creatures vanquished.

Notes
Turn   | Place    | Note
-------+----------+-------------------------------------------
     0 | D:1      | Wiggles the Minotaur Berserker began the quest for the Orb.
     0 | D:1      | Reached XP level 1. HP: 19/19 MP: 0/0
   124 | D:1      | Reached skill level 4 in Axes
   193 | D:1      | Reached XP level 2. HP: 18/26 MP: 1/1
  1107 | D:2      | Reached XP level 3. HP: 27/31 MP: 2/2
  1109 | D:2      | Reached skill level 5 in Axes
  1146 | D:2      | Reached ** piety under Trog
  1350 | D:2      | Noticed Robin
  1356 | D:2      | Reached XP level 4. HP: 23/39 MP: 3/3
  1362 | D:2      | Killed Robin
  1363 | D:2      | Reached skill level 6 in Axes
  1888 | D:3      | Found a faded altar of an unknown god.
  2020 | D:3      | Noticed Natasha
  2031 | D:3      | Killed Natasha
  2042 | D:3      | Noticed Sigmund
  2054 | D:3      | Killed Sigmund
  2055 | D:3      | Reached skill level 8 in Axes
  2055 | D:3      | Reached XP level 5. HP: 45/45 MP: 4/4
  2055 | D:3      | Reached XP level 6. HP: 51/51 MP: 5/5
  2093 | D:3      | Noticed Natasha
  2103 | D:3      | Killed Natasha
  2127 | D:3      | Noticed Natasha
  2137 | D:3      | Killed Natasha
  2621 | D:4      | Reached *** piety under Trog
  2628 | D:4      | Reached skill level 9 in Axes
  2646 | D:4      | Reached skill level 1 in Unarmed Combat
  2646 | D:4      | Reached XP level 7. HP: 47/57 MP: 6/6
  3248 | D:4      | Reached skill level 10 in Axes
  3403 | D:5      | Entered Level 5 of the Dungeon
  3671 | D:5      | Found a white marble altar of Elyvilon.
  3951 | D:5      | Noticed a yak
  3957 | D:5      | Killed a yak
  3958 | D:5      | Reached skill level 11 in Axes
  3958 | D:5      | Reached XP level 8. HP: 64/64 MP: 7/7
  4176 | D:5      | Reached skill level 12 in Axes
  4424 | D:6      | Reached skill level 13 in Axes
  4583 | D:6      | Found a staircase to the Ecumenical Temple.
  4790 | D:6      | Reached XP level 9. HP: 50/70 MP: 8/8
  4865 | D:6      | Reached skill level 14 in Axes
  4964 | D:6      | Reached **** piety under Trog
  5114 | D:6      | Found a glowing golden altar of the Shining One.
  5116 | D:6      | Noticed an angel
  5126 | D:6      | Found a basalt altar of Yredelemnul.
  5128 | D:6      | Noticed a profane servitor
  5479 | D:7      | Identified the +3 chain mail "Raq Cufo" {*Slow rF++ rC+}
  5558 | D:7      | Reached skill level 15 in Axes
  5588 | D:7      | Paralysed by a hornet for 2 turns
  5591 | D:7      | Slain by a hornet

Illustrated notes

Levels and vault maps discovered:
D:1:      minmay_arrival_up_and_down, layout_loops_ring, grunt_decor_arrowhead,
          hangedman_decor_clover_reticule, minmay_misc_feat_pillars,
          kennysheep_small_spiral
D:2:      layout_basic, uniq_robin
D:3:      cheibrodos_old_hovel, layout_basic,
          hellmonk_ecumenical_altar_crossroads, uniq_natasha, uniq_sigmund
D:4:      layout_basic, serial_co_window_serial, co_window_of_opportunity_a,
          co_window_paths_a, co_window_of_opportunity_a, co_window_paths_b,
          co_window_paths_a, co_window_paths_b, co_window_cross_1,
          co_window_of_opportunity_b, co_window_broadway_a, co_window_corner_ca,
          co_window_of_opportunity_b, glass_columns_a, glass_columns_a,
          glass_columns_c, glass_columns_a, wad_rectangle_vault
D:5:      layout_basic, kennysheep_little_box, minmay_quadrilaterals
D:6:      layout_cave_pools, grunt_temple_overflow_holy_war,
          minmay_temple_entry_glass, hangedman_decor_slide_cut
D:7:      minmay_the_grid_octo_triangle [minmay_the_grid_octo_vomiting_pacman,
          minmay_the_grid_octo_prize_single_spiral,
          minmay_the_grid_octo_thin_diamonds], layout_cave_pools, uniq_pikel

Skill      XL: |  1  2  3  4  5  6  7  8  9 |
---------------+----------------------------+-----
Axes           | 4 5 8 9 11 13 15 | 15.3
Unarmed Combat | 1 2 |  2.1
Fighting       | |  3.6
Armour         | |  2.4
Dodging        | |  2.1
Stealth        | |  0.6

Action                     |  1- 3 |  4- 6 |  7- 9 || total
---------------------------+-------+-------+-------++-------
  Melee: Hand axe          |    82 |    83 |    12 ||   177
         Headbutt          |    10 |    14 |    23 ||    47
         Punch             |       |     1 |     5 ||     6
         Unarmed           |       |     4 |       ||     4
         War axe           |       |       |   183 ||   183
 Invoke: Berserk           |       |     2 |     1 ||     3
    Use: Scroll            |       |       |    11 ||    11
   Stab: Sleeping          |     2 |       |       ||     2
 Armour: Animal skin       |    13 |       |       ||    13
         Chain mail        |     8 |    24 |    17 ||    49
         Plate armour      |       |    14 |   125 ||   139
         Skin              |       |     2 |       ||     2
  Dodge: Dodged            |    66 |    43 |    82 ||   191
